 Dungeon Crawl Stone Soup version 0.28.0-53-g5a82cb258f (webtiles) character file.

Game seed: 252425981682527572

28928 gobodom the Carver (level 13, -5/99 HPs)
             Began as a Demonspawn Cinder Acolyte on June 21, 2022.
             Was a Believer of Ignis.
             Killed from afar by a manticore (11 damage)
             ... with a volley of spikes
             ... on level 6 of the Lair of Beasts.
             The game lasted 01:38:16 (17977 turns).

gobodom the Carver (Demonspawn Cinder Acolyte)     Turns: 17977, Time: 01:38:16

Health: -5/99      AC: 11    Str: 20    XL:     13   Next: 12%
Magic:  25/25      EV: 31    Int: 21    God:    Ignis [**....]
Gold:   781        SH:  0    Dex: 16    Spells: 21/29 levels left

rFire   + . .      SeeInvis .   C - +11 falchion "Omuontas" {flame, rPois Dex+3}
rCold   + . .      Faith    .   (no shield)
rNeg    . . .      Spirit   .   s - +2 robe {rC+}
rPois   +          Reflect  .   D - +0 helmet
rElec   .          Harm     .   v - +2 cloak
rCorr   .          Rampage  .   (no gloves)
Will    .....                   A - +2 pair of boots
Stlth   +++.......              J - amulet of the Frog {Acrobat Str+4}
HPRegen 0.26/turn               d - ring of wizardry
MPRegen 0.19/turn               e - +6 ring of intelligence

@: spiked, acrobatic
A: demonic guardian 2, ignite blood 2, sturdy frame 3, claws 1, screaming 1
a: Renounce Religion, Fiery Armour, Foxfire Swarm, Rising Flame


You were on level 6 of the Lair of Beasts.
You worshipped Ignis.
Ignis was pleased with you.
You visited 3 branches of the dungeon, and saw 15 of its levels.
You also visited: Volcano.

You collected 1028 gold pieces.
You spent 247 gold pieces at shops.

Inventory:

Hand Weapons
 c - a +0 executioner's axe of flaming
 C - the +11 falchion "Omuontas" (weapon) {flame, rPois Dex+3}
   (You took it off an orc on level 4 of the Dungeon)

   It burns those it strikes, dealing additional fire damage.
   Big, fiery blades are also staple armaments of hydra-hunters.
   Dex:       It affects your dexterity (+3).
   rPois:     It protects you from poison.
 H - a +3 shortbow of flaming
Missiles
 n - 9 boomerangs
 o - 3 silver boomerangs
 E - 19 poisoned darts
 F - 4 silver javelins
 G - 3 throwing nets
 I - 129 arrows
Armour
 s - a +2 robe of cold resistance (worn)
 v - a +2 cloak (worn)
 A - a +2 pair of boots (worn)
 D - a +0 helmet (worn)
 Q - +0 steam dragon scales
Jewellery
 b - a ring of protection from cold
 d - a ring of wizardry (left claw)
 e - a +6 ring of intelligence (right claw)
 g - a ring of protection from cold
 i - a ring of flight
 p - a ring of positive energy
 y - an amulet of guardian spirit
 B - a ring of fire
 J - the amulet of the Frog (around neck) {Acrobat Str+4}
   (You acquired it on level 7 of the Dungeon)

   [amulet of the acrobat]

   It increases your evasion while moving and waiting.
   Str:       It affects your strength (+4).
 K - a +6 ring of strength
 L - a +6 ring of dexterity
 P - an amulet of the acrobat
Wands
 r - a wand of flame (12)
 u - a wand of paralysis (12)
 M - a wand of charming (4)
 O - a wand of iceblast (6)
 R - a wand of acid (4)
Scrolls
 a - 3 scrolls of teleportation
 m - 4 scrolls of magic mapping
 w - 3 scrolls of brand weapon
 z - a scroll of amnesia
 N - a scroll of noise {unknown}
Potions
 f - 2 potions of might
 h - 4 potions of cancellation
 j - 2 potions of flight
 l - a potion of haste
 q - a potion of attraction
 t - a potion of berserk rage
 x - 2 potions of curing
 S - a potion of invisibility {unknown}
Miscellaneous
 k - a piece from Xom's chessboard (15/15)


   Skills:
 + Level 8.7 Fighting
 + Level 10.7 Long Blades
 + Level 5.7 Axes
 + Level 7.5 Dodging
 + Level 5.2 Stealth
 + Level 8.6 Spellcasting
 * Level 6.8 Conjurations
 * Level 3.3 Transmutations
 + Level 6.0 Fire Magic
 + Level 0.8 Evocations


You had 21 spell levels left.
You knew the following spells:

 Your Spells              Type           Power      Damage    Failure   Level
a - Scorch                Fire           68%        2d8       1%          2
b - Magic Dart            Conj           100%       1d8       1%          1
c - Irradiate             Conj/Tmut      15%        3d19      11%         5

Your spell library contained the following spells:

 Spells                   Type           Power      Damage    Failure   Level
 Summon Small Mammal      Summ           36%        N/A       3%          1
 Mephitic Cloud           Conj/Pois/Air  18%        N/A       3%          3
 Call Imp                 Summ           9%         N/A       4%          2
 Iskenderun's Battlesphe  Conj           37%        2d9       4%          5
 Iskenderun's Mystic Bla  Conj/Tloc      23%        2d6       8%          4
 Portal Projectile        Hex/Tloc       18%        N/A       9%          3
 Blade Hands              Tmut           11%        N/A       21%         5
 Lightning Bolt           Conj/Air       11%        1d24      21%         5
 Excruciating Wounds      Necr           4%         N/A       61%         5
 Summon Forest            Summ/Tloc      4%         N/A       61%         5


Dungeon Overview and Level Annotations

Branches:
Dungeon (8/15)             Temple (1/1) D:4            Lair (6/6) D:8
  Swamp (0/4) Lair:2       Spider (0/4) Lair:4        Slime (0/5) Lair:5
Volcano (visited)

Altars:
Ashenzari
Cheibriados
Dithmenos
Elyvilon
Fedhas
Gozag
Hepliaklqana
Kikubaaqudgha
Okawaru
Qazlal
Ru
Sif Muna
Trog
Uskayaw
Vehumet
Wu Jian
The Shining One
Jiyva

Shops:
D:5 (   D:7 [


Innate Abilities, Weirdness & Mutations

A demonic guardian rushes to your aid.
Your demonic aura often causes spilled blood to erupt in flames.
Your movements are significantly less encumbered by armour. (ER -6)
You have sharp fingernails.
You occasionally shout uncontrollably at your foes.


Message History

The manticore is moderately wounded.
The foxfire hits the manticore.
The manticore is moderately wounded.
The foxfire hits the manticore but does no damage.
The manticore is moderately wounded.
The foxfire hits the manticore but does no damage.
The manticore is moderately wounded.
The foxfire hits the manticore but does no damage.
The manticore is moderately wounded.
The foxfire hits the manticore but does no damage.
The manticore is moderately wounded.
The foxfire hits the manticore but does no damage.
The manticore is moderately wounded.
The foxfire hits the manticore but does no damage.
The manticore is moderately wounded.
The foxfire hits the manticore.
The manticore is moderately wounded.
The foxfire hits the manticore.
The manticore is moderately wounded.
The foxfire hits the sea snake.
The sea snake is lightly wounded.
The foxfire hits the manticore but does no damage.
The manticore is moderately wounded.
Your hellwing hits the manticore! Your hellwing hits the manticore.
Unknown command.
The foxfire hits the sea snake.
The sea snake is lightly wounded.
The foxfire hits the manticore but does no damage.
The manticore is severely wounded.
The foxfire hits the manticore.
The manticore is severely wounded.
The foxfire hits the manticore.
The manticore is severely wounded.
The foxfire hits the manticore.
The manticore is severely wounded.
The manticore is engulfed in blazing flames.
The manticore flicks its tail.
The volley of spikes hits you!
The barbed spikes become lodged in your body.
You die...

## ####
#.###P.#
##....P#
#......##
##..§§§§#
#..§§§§§#
#P§§§§@§###
###§4..§§.#
#.SH.§§.#
####††☼#..#
#≈≈....###.#
P...P.≈≈..≈≈#
...
≈.≈..≈≈≈≈≈.##
...
≈≈≈##≈≈#≈.##
#.... #≈
#≈≈≈##≈# #...


You could see a sea snake, a manticore (ally target) and a friendly hellwing
(summoned).

Vanquished Creatures
  2 hydras
  A two-headed ogre (D:8)
  3 death yaks (Lair:5)
  Sonja (Lair:1)
  2 bog bodies (Lair:2)
  A lindwurm (Lair:5)
  8 elephants
  12 cane toads
  6 komodo dragons
  A troll (D:5)
  A polar bear (Lair:1)
  Prince Ribbit (D:8)
  2 hornets
  4 blink frogs
  3 dream sheep (Lair:5)
  21 yaks
  Sigmund (D:4)
  3 basilisks
  6 fire bats
  A wyvern (Lair:1)
  2 steam dragons
  3 redbacks (Lair:4)
  2 death yak simulacra (Lair:4)
  6 water moccasins
  2 swamp worms (Lair:2)
  3 ice beasts
  An orc warrior (D:7)
  A sky beast (D:5)
  A black bear (Lair:5)
  A necrophage (D:4)
  9 wolves (Lair:5)
  4 ogres
  3 centaurs
  2 phantoms
  A kobold brigand (D:6)
  8 bullfrogs
  A gnoll sergeant (D:7)
  A wyvern zombie (D:8)
  A cane toad simulacrum (Lair:4)
  2 scorpions
  A wyvern skeleton (D:5)
  A water moccasin skeleton (D:5)
  4 wights (D:7)
  An elephant simulacrum (Lair:4)
  An electric eel (Lair:2)
  3 lava snakes (Volcano)
  A bullfrog zombie (D:5)
  3 jellies
  4 hounds
  4 orc priests
  A gnoll shaman (D:5)
  Crazy Yiuf (D:4)
  A bullfrog skeleton (D:6)
  2 centaur skeletons
  An iguana (D:5)
  2 orc wizards
  A polar bear simulacrum (Lair:4)
  A hound zombie (D:5)
  3 gnolls (D:7)
  2 howler monkey skeletons (D:5)
  8 adders
  A shadow imp (D:7)
  3 white imps
  4 worms
  3 dart slugs
  22 orcs
  7 bats
  7 endoplasms
  4 giant cockroaches
  5 goblins
  15 hobgoblins
  12 jackals
  12 kobolds
  6 quokkas
  11 ball pythons
  4 frilled lizards
  9 rats
305 creatures vanquished.

Vanquished Creatures (collateral kills)
  A hydra (Lair:1)
  An orc sorcerer (Volcano)
  2 elephants (Lair:5)
  A red devil (Volcano)
  A dream sheep (Lair:5)
  3 yaks
  A death yak simulacrum (Lair:4)
  2 hell hounds (Volcano)
  A gnoll sergeant (D:5)
  A lava snake (Volcano)
  A centaur skeleton (D:5)
  An iguana (D:5)
  An orc wizard (D:5)
  A gnoll (D:5)
  2 orcs
  A goblin (D:1)
  2 jackals (D:4)
  A kobold (D:6)
  A quokka (D:5)
25 creatures vanquished.

Vanquished Creatures (others)
  2 orcs (D:8)
  73 foxfires
  18 fungi
  19 plants
112 creatures vanquished.

Grand Total: 442 creatures vanquished

Notes
Turn   | Place    | Note
-------+----------+-------------------------------------------
     0 | D:1      | gobodom the Demonspawn Cinder Acolyte began the quest for
                  | the Orb.
     0 | D:1      | Reached XP level 1. HP: 18/18 MP: 2/2
   142 | D:1      | Gained mutation: A weak demonic guardian rushes to your
                  | aid. [demonic ancestry]
   142 | D:1      | Reached XP level 2. HP: 4/24 MP: 3/3
   686 | D:1      | Found a faded altar of an unknown god.
   860 | D:1      | Gained mutation: Your demonic aura sometimes causes spilled
                  | blood to erupt in flames. [demonic ancestry]
   860 | D:1      | Reached XP level 3. HP: 26/29 MP: 4/4
  1031 | D:1      | Learned a level 2 spell: Scorch
  1611 | D:2      | Got the Guide on the Harmful Escort
  2211 | D:2      | Gained mutation: Your demonic aura often causes spilled
                  | blood to erupt in flames. [demonic ancestry]
  2211 | D:2      | Reached XP level 4. HP: 35/35 MP: 0/6
  3510 | D:3      | Noticed a water moccasin
  3517 | D:3      | Killed a water moccasin
  3518 | D:3      | Reached skill level 1 in Dodging
  3518 | D:3      | Gained mutation: Your movements are slightly less
                  | encumbered by armour. (ER -2) [demonic ancestry]
  3518 | D:3      | Reached XP level 5. HP: 37/41 MP: 1/9
  3598 | D:3      | Identified a scroll of acquirement
  3598 | D:3      | Acquired a +0 executioner's axe of flaming
  3738 | D:3      | Gained mutation: You are occasionally teleported next to
                  | monsters. [potion of mutation]
  3738 | D:3      | Gained mutation: Your muscles are strong. (Str +2) [potion
                  | of mutation]
  3739 | D:3      | Lost mutation: Your muscles are strong. (Str +2) [potion of
                  | mutation]
  3739 | D:3      | Lost mutation: You are occasionally teleported next to
                  | monsters. [potion of mutation]
  3739 | D:3      | Gained mutation: Armour fits poorly on your strangely
                  | shaped body. [potion of mutation]
  3740 | D:3      | Lost mutation: Armour fits poorly on your strangely shaped
                  | body. [potion of mutation]
  3740 | D:3      | Gained mutation: You have sharp fingernails. [potion of
                  | mutation]
  3740 | D:3      | Gained mutation: You occasionally shout uncontrollably at
                  | your foes. [potion of mutation]
  3862 | D:4      | Found a transporter.
  3868 | D:4      | Gained mutation: A demonic guardian rushes to your aid.
                  | [demonic ancestry]
  3868 | D:4      | Reached XP level 6. HP: 47/47 MP: 3/10
  3944 | D:4      | Found a transporter.
  3945 | D:4      | Noticed a fire bat
  3959 | D:4      | Killed a fire bat
  3960 | D:4      | Reached skill level 1 in Stealth
  4095 | D:4      | Found a staircase to the Ecumenical Temple.
  4101 | Temple   | Entered the Ecumenical Temple
  4387 | D:4      | Found a runed translucent door.
  4388 | D:4      | Noticed Crazy Yiuf
  4395 | D:4      | Killed Crazy Yiuf
  5200 | D:4      | Reached XP level 7. HP: 53/53 MP: 6/12
  5399 | D:4      | Found a hide-covered altar of Uskayaw.
  5399 | D:4      | Identified the +11 falchion "Omuontas" {flame, rPois Dex+3}
  5401 | D:4      | Noticed Sigmund
  5409 | D:4      | Killed Sigmund
  5410 | D:4      | Reached skill level 5 in Axes
  5712 | D:5      | Entered Level 5 of the Dungeon
  5807 | D:5      | Reached XP level 8. HP: 52/60 MP: 6/14
  6040 | D:5      | Noticed a troll
  6047 | D:5      | Reached skill level 1 in Long Blades
  6072 | D:5      | Reached skill level 5 in Spellcasting
  6072 | D:5      | Reached skill level 5 in Fire Magic
  6103 | D:5      | Reached skill level 2 in Long Blades
  6122 | D:5      | Killed a troll
  6541 | D:5      | Found Goxig's Weapon Shoppe.
  6766 | D:5      | Learned a level 1 spell: Magic Dart
  6938 | D:5      | Found a radiant altar of Vehumet.
  6941 | D:5      | Found a bloodstained altar of Trog.
  7005 | D:5      | Reached XP level 9. HP: 66/66 MP: 13/17
  7518 | D:6      | Reached skill level 3 in Long Blades
  8265 | D:7      | Reached skill level 1 in Conjurations
  8586 | D:7      | Reached skill level 4 in Long Blades
  8598 | D:7      | Found Udghul's Armour Shoppe.
  8618 | D:7      | Bought a +2 robe of cold resistance for 247 gold pieces
  8707 | D:7      | Found an ornate altar of the Wu Jian Council.
  8834 | D:7      | Reached skill level 5 in Fighting
  8882 | D:7      | Reached skill level 5 in Long Blades
  9213 | D:7      | Acquired the amulet of the Frog {Acrobat Str+4}
  9320 | D:8      | Noticed a two-headed ogre
  9325 | D:8      | Killed a two-headed ogre
  9326 | D:8      | Gained mutation: Your movements are less encumbered by
                  | armour. (ER -4) [demonic ancestry]
  9326 | D:8      | Reached XP level 10. HP: 25/74 MP: 17/20
  9616 | D:8      | Found a broken altar of Ashenzari.
  9654 | D:8      | Noticed a fire dragon
  9655 | D:8      | Found a staircase to the Lair.
  9996 | D:8      | Noticed Prince Ribbit
 10006 | D:8      | Killed Prince Ribbit
 10007 | D:8      | Reached skill level 6 in Long Blades
 10198 | Lair:1   | Entered Level 1 of the Lair of Beasts
 10301 | Lair:1   | Noticed a four-headed hydra
 10304 | Lair:1   | Noticed a cane toad
 10319 | Lair:1   | Killed a one-headed hydra
 10322 | Lair:1   | Killed a cane toad
 10326 | Lair:1   | Reached skill level 7 in Long Blades
 10476 | Lair:1   | Noticed a seven-headed hydra
 10529 | Lair:1   | Killed a five-headed hydra
 10617 | Lair:1   | Noticed Sonja
 10627 | Lair:1   | Killed Sonja
 10628 | Lair:1   | Reached skill level 5 in Dodging
 10628 | Lair:1   | Reached XP level 11. HP: 53/83 MP: 18/21
 10756 | Lair:1   | Reached skill level 8 in Long Blades
 10836 | Lair:1   | Found a dark tunnel.
 10847 | Volcano  | Entered a volcano
 11144 | Volcano  | Noticed an orc sorcerer
 11151 | Volcano  | Noticed a soul eater
 11159 | Volcano  | HP: 4/84 [barbs]
 11166 | Volcano  | Noticed a red ugly thing
 11183 | Volcano  | Killed an orc sorcerer
 12590 | Lair:2   | Noticed a bog body
 12594 | Lair:2   | Noticed a bog body
 12597 | Lair:2   | Killed a bog body
 12598 | Lair:2   | Reached skill level 9 in Long Blades
 12605 | Lair:2   | Killed a bog body
 12749 | Lair:2   | Found a staircase to the Swamp.
 13126 | Lair:2   | You fall into a shaft and drop 2 floors!
 13168 | Lair:4   | Found a hole to the Spider Nest.
 13433 | Lair:4   | Found a frozen archway.
 13439 | Lair:4   | HP: 2/85 [death yak simulacrum (11)]
 13941 | Lair:3   | Noticed a four-headed hydra
 13952 | Lair:3   | Killed a two-headed hydra
 13953 | Lair:3   | Gained mutation: Your movements are significantly less
                  | encumbered by armour. (ER -6) [demonic ancestry]
 13953 | Lair:3   | Reached XP level 12. HP: 92/92 MP: 23/23
 14210 | Lair:3   | Got the Almanac of Confrontation
 15130 | Lair:3   | Reached skill level 10 in Long Blades
 15709 | Lair:4   | Learned a level 5 spell: Irradiate
 16145 | Lair:4   | Reached skill level 5 in Conjurations
 16754 | Lair:5   | Found a staircase to the Slime Pits.
 16754 | Lair:5   | Found a viscous altar of Jiyva.
 16787 | Lair:5   | Reached skill level 1 in Transmutations
 16795 | Lair:5   | Noticed a death yak
 16803 | Lair:5   | Noticed a death yak
 16805 | Lair:5   | Noticed a death yak
 17062 | Lair:5   | Killed a death yak
 17063 | Lair:5   | Reached skill level 5 in Stealth
 17064 | Lair:5   | Killed a death yak
 17065 | Lair:5   | Killed a death yak
 17439 | Lair:5   | Reached XP level 13. HP: 87/99 MP: 25/25
 17936 | Lair:6   | Entered Level 6 of the Lair of Beasts
 17967 | Lair:6   | HP: 3/99 [komodo dragon (24)]
 17977 | Lair:6   | Killed from afar by a manticore

Illustrated notes

Levels and vault maps discovered:
D:1:      lemuel_arrival_room, layout_basic, shapermc_ecumenical_altar_pompeii,
          minmay_close_crescents
D:2:      minmay_diamond_boxcup, layout_rooms
D:3:      minmay_bubble_buster, layout_basic, minmay_fountain_box
D:4:      gammafunk_cloud_chamber, layout_basic,
          mainiacjoe_overflow_tiny_flanked, eat_drink_and_be_merry_uskayaw,
          minmay_temple_entry_grid, uniq_crazy_yiuf_cottage, uniq_blork_the_orc,
          uniq_sigmund
D:5:      minmay_clustersquares, layout_basic,
          chequers_temple_overflow_statue_of_worship, serial_shops,
          nicolae_shop_bloodbath_and_beyond, minmay_fractal_squares_5
D:6:      layout_basic, minivault_26, chequers_serial_rivers_micro_b
D:7:      layout_rooms, nicolae_overflow_hidden_temple, serial_shops,
          nicolae_shop_waterfront, grunt_decor_arrowhead
D:8:      layout_basic, zin_statuary, ashenzari_altar_1, minmay_lair_entry_lava,
          uniq_prince_ribbit1
Temple:   minmay_temple_curvy_loop
Lair:1:   layout_gridlike, lightli_volcano_entry_magma_tube, lemuel_fruit_tree,
          uniq_sonja
Lair:2:   layout_regular_city, nicolae_swamp_entry_splash_gauntlet,
          serial_bayou_shore_b
Lair:3:   layout_cave_pods
Lair:4:   layout_cave_pods, spider_nest_entry_webs,
          portal_ice_cave_entry_ice_simulacra
Lair:5:   layout_loops_ring, slime_altar_1
Lair:6:   gammafunk_lair_ancient_temple, layout_cave_pods, lemuel_fruit_fields,
          uniq_kirke

Skill      XL: |  1  2  3  4  5  6  7  8  9 10 11 12 13 |
---------------+----------------------------------------+-----
Axes           | 3 4 5 |  5.7
Spellcasting   | 2 3 4 5 6 7 8 |  8.6
Fire Magic     | 3 4 5 6 |  6.0
Dodging        | 1 2 3 4 5 6 7 |  7.5
Stealth        | 1 2 3 4 5 |  5.2
Fighting       | 4 5 6 7 8 |  8.7
Long Blades    | 2 5 7 9 10 | 10.7
Conjurations   | 2 4 6 |  6.8
Transmutations | 2 3 |  3.3
Evocations     | |  0.8

Action                   |  1- 3 |  4- 6 |  7- 9 | 10-12 | 13-15 || total
-------------------------+-------+-------+-------+-------+-------++-------
Melee: Hand axe          |   117 |    72 |       |       |       ||   189
       Executioner's axe |       |    49 |    11 |       |       ||    60
       Falchion          |       |       |   122 |   309 |    26 ||   457
       Punch             |       |       |     1 |     9 |       ||    10
 Cast: Scorch            |    14 |    40 |    25 |     4 |     1 ||    84
       Magic Dart        |       |       |    77 |   116 |       ||   193
       Irradiate         |       |       |       |     4 |       ||     4
Invok: Foxfire Swarm     |     2 |       |       |     2 |     1 ||     5
       Fiery Armour      |       |       |       |     1 |       ||     1
Evoke: Wand              |       |       |       |     3 |     1 ||     4
       Piece from Xom's  |       |       |       |     1 |       ||     1
  Use: Scroll            |     3 |     7 |    12 |     6 |       ||    28
       Potion            |     1 |     3 |     1 |     9 |     2 ||    16
 Stab: Distracted        |       |       |     1 |       |       ||     1
       Sleeping          |       |       |       |     2 |       ||     2
Armor: Robe              |    31 |    50 |    51 |    77 |     4 ||   213
Dodge: Dodged            |   103 |   106 |    96 |   260 |    17 ||   582
